 Dungeon Crawl Stone Soup version 0.30.0-29-ga12c61a403 (webtiles) character file.

Game seed: 10009473236160832378

17243 MacCMillion the Summoner (level 12, -18/82 HPs)
             Began as a Tengu Summoner on June 5, 2023.
             Was a Priest of Ashenzari.
             Demolished by a jiangshi (22 damage)
             ... summoned by a vampire mage
             ... on level 1 of the Abyss.
             The game lasted 00:47:30 (14323 turns).

MacCMillion the Summoner (Tengu Summoner)          Turns: 14323, Time: 00:47:30

Health: -18/82     AC:  9    Str:  9    XL:     12   Next: 46%
Magic:  19/27      EV: 20    Int: 20    God:    Ashenzari [***...]
Gold:   400        SH:  0    Dex: 15    Spells: 21/31 levels left

rFire   + + .        s - +2 dagger of Ashenzari's Loss {venom, Range, Elem} (curse)
rCold   . . .        (no shield)
rNeg    . . .        t - +1 leather armour of the Stellar Secrets {rF+, Alch, Melee} (curse)
rPois   +            J - +0 hat
rElec   .            u - +1 cloak of Toth-Mos's Legacy {Cun, Self} (curse)
rCorr   .            h - +2 pair of gloves "Chained Together" {Fort, Cun} (curse)
SInv    +            (boots unavailable)
Will    .....        (no amulet)
Stlth   +++          k - ring of poison resistance
HPRegen 0.33/turn    F - ring "Burden of Ashenzari" {rF+, Cun, Range} (curse)
MPRegen 0.20/turn

%: clarity
@: flying quickly and evasively, quick
A: beak, talons 3, nimble flight
a: Renounce Religion, Curse Item, Shatter the Chains


You were on level 1 of the Abyss.
You worshipped Ashenzari.
Ashenzari was most pleased with you.
You visited 2 branches of the dungeon, and saw 15 of its levels.
You visited the Abyss 1 time.

You collected 635 gold pieces.
You spent 235 gold pieces at shops.

Inventory:

Hand Weapons
 e - a +0 club
 f - a +0 dagger
 s - the cursed +2 dagger of Ashenzari's Loss (weapon) {venom, Range, Elem}
   (You bought it in a shop on level 3 of the Dungeon)

   It has a curse which improves the following skills: Ranged Combat: Ranged
   Weapons and Throwing.
   Elements:  Fire Magic, Ice Magic, Air Magic and Earth Magic.
 H - a +1 antimagic dagger
Armour
 h - the cursed +2 pair of gloves "Chained Together" (worn) {Fort, Cun}
   (You found it on level 1 of the Dungeon)

   It has a curse which improves the following skills: Fortitude: Armour and
   Shields.
   Cunning:   Dodging and Stealth.
 t - the cursed +1 leather armour of the Stellar Secrets (worn) {rF+, Alch, Melee}
   (You took it off an orc on level 3 of the Dungeon)

   It has a curse which improves the following skills: Alchemy: Poison Magic and
   Transmutations.
   Melee Combat: Short Blades, Long Blades, Axes, Maces & Flails, Polearms,
   Staves and Unarmed Combat.
 u - the cursed +1 cloak of Toth-Mos's Legacy (worn) {Cun, Self}
   (You found it on level 3 of the Dungeon)

   It has a curse which improves the following skills: Cunning: Dodging and
   Stealth.
   Introspection: Fighting and Spellcasting.
 J - a +0 hat (worn)
Jewellery
 c - a ring of ice
 k - a ring of poison resistance (left hand)
 n - a ring of see invisible
 y - a ring of ice
 F - the cursed ring "Burden of Ashenzari" (right hand) {rF+, Cun, Range}
   (You took it off an orc on level 8 of the Dungeon)

   [ring of protection from fire]

   rF:        It protects you from fire.
   It has a curse which improves the following skills: Cunning: Dodging and
   Stealth.
   Ranged Combat: Ranged Weapons and Throwing.
 I - a ring of ice
Wands
 a - a wand of digging (12)
 v - a wand of charming (19)
 x - a wand of polymorph (4)
 L - a wand of roots (7)
 N - a wand of flame (9)
Scrolls
 i - 2 scrolls of fear
 j - 2 scrolls of amnesia
 p - 2 scrolls of enchant weapon
 q - 3 scrolls of poison
 r - 5 scrolls of immolation
 w - 3 scrolls of blinking
 A - 3 scrolls of magic mapping
 E - 2 scrolls of enchant armour
 G - 2 scrolls of teleportation
 K - a scroll of brand weapon
Potions
 b - 2 potions of magic
 d - 2 potions of invisibility
 g - 3 potions of flight
 l - 2 potions of haste
 m - 2 potions of heal wounds
 o - 3 potions of curing
 z - 2 potions of ambrosia
 B - a potion of resistance
 C - 3 potions of cancellation
 D - a potion of attraction
 M - a potion of might


   Skills:
 + Level 11.0(12.5) Fighting
 - Level 2.7(4.0) Short Blades
 - Level 9.0(12.0) Dodging
 - Level 2.7(5.1) Stealth
 - Level 8.5(10.1) Spellcasting
 - Level 13.0 Summonings
 - Level 7.0(8.5) Air Magic


You had 21 spell levels left.
You knew the following spells:

 Your Spells              Type           Power      Damage    Failure   Level
a - Summon Small Mammal   Summ           100%       N/A       1%          1
b - Call Imp              Summ           100%       N/A       1%          2
c - Call Canine Familiar  Summ           58%        N/A       1%          3
d - Summon Lightning Spi  Summ/Air       52%        N/A       1%          4

Your spell library contained the following spells:

 Spells                   Type           Power      Damage    Failure   Level
 Summon Guardian Golem    Hex/Summ       36%        N/A       1%          3
 Apportation              Tloc           20%        N/A       10%         1
 Blink                    Tloc           20%        N/A       14%         2
 Ozocubu's Armour         Ice            10%        N/A       26%         3
 Hailstorm                Conj/Ice       10%        3d5       28%         3
 Volatile Blastmotes      Fire/Tloc      20%        2d11      28%         3
 Ice Form                 Ice/Tmut       10%        N/A       65%         4
 Anguish                  Hex/Necr       5%         N/A       67%         4
 Cause Fear               Hex            5%         N/A       67%         4
 Fulminant Prism          Conj/Hex       5%         3d6       67%         4
 Iskenderun's Mystic Bla  Conj/Tloc      10%        2d4       67%         4
 Manifold Assault         Tloc           10%        N/A       67%         4
 Alistair's Intoxication  Tmut/Pois      6%         N/A       94%         5
 Lee's Rapid Deconstruct  Erth           5%         3d6*      94%         5
 Metabolic Englaciation   Hex/Ice        5%         N/A       95%         5
 Simulacrum               Ice/Necr       5%         N/A       100%        6
 Enfeeble                 Hex            5%         N/A       100%        7
 Storm Form               Tmut/Air       13%        N/A       100%        7


Dungeon Overview and Level Annotations

Branches:
Dungeon (14/15)            Temple (1/1) D:6            Lair (0/5) D:11
    Orc (0/2) D:12
 Vaults: D:13-14

Altars:
Ashenzari
Cheibriados
Dithmenos
Elyvilon
Fedhas
Gozag
Hepliaklqana
Kikubaaqudgha
Makhleb
Nemelex Xobeh
Okawaru
Qazlal
Ru
Sif Muna
Trog
Uskayaw
Vehumet
Wu Jian
Xom
Yredelemnul
Zin
The Shining One

Shops:
D:3 (   D:6 (

Annotations:
D:7 Joseph
D:13 Erolcha
D:14 Agnes


Innate Abilities, Weirdness & Mutations

You have a beak for a mouth.
You have claws for feet.
Your magical nature lets you fly swiftly and evasively.


Message History

The jiangshi draws strength from your injuries!
The jiangshi claws you!!
The jiangshi draws strength from your injuries!
You hit the vampire mage. You claw the vampire mage.
The vampire mage is heavily damaged.
Your wolf bites the vampire mage.
The vampire mage hits your wolf!
Your wolf dies!
Your wolf's corpse disappears in a puff of smoke!
Your lightning spire shoots out a bolt of lightning at the vampire mage!
The bolt of electricity misses the vampire mage.
The bolt of electricity hits the vampire mage!
The jiangshi closely misses you.
The jiangshi claws you but does no damage.
Casting: Call Imp (safe; 1% risk of failure)
Confirm with . or Enter, or press ? or * to list all spells.
The jiangshi claws you!!
The jiangshi draws strength from your injuries!
The jiangshi misses you.
The vampire mage casts a spell.
Send 'em back where they came from!
Your wolf shudders.
Your lightning spire shudders.
The jiangshi claws you.
The jiangshi draws strength from your injuries!
The jiangshi claws you!
* * * LOW HITPOINT WARNING * * *
The jiangshi draws strength from your injuries!
The jiangshi closely misses you. The jiangshi claws you!!
* * * LOW HITPOINT WARNING * * *
The jiangshi draws strength from your injuries!
Your wolf barely misses the naga warrior zombie.
The vampire mage casts a spell.
Send 'em back where they came from!
Your wolf shudders.
Your lightning spire disappears in a puff of smoke!
The naga warrior zombie hits your wolf!
The naga warrior zombie grabs your wolf.
The naga warrior zombie constricts your wolf.
Your wolf barely misses the naga warrior zombie.
The jiangshi claws you!!
You die...

* ,**# , ,* ,*
* * #. ,,, , ,
,.# *, , * ,
*##.* , , * # *
, #....* ##
...* ,
*#.#.#.###.#...
,*
,...._Z..#..# *
** , *
##..#hVV§#.# ,
* #..#@.# ,, *
, , *_#...### *
, * * *.....##,
#.#.# , ,,* * *
, *#*## *,
**,** * ,, ,> *
* * , ,* ** * ,
,** **,, * * *


You could see a jiangshi (summoned), a vampire mage, a naga warrior zombie
(summoned, ally target) and a friendly wolf (summoned).

Vanquished Creatures
  A centaur warrior (D:14)
  An ugly thing (D:13)
  A manticore (D:14)
  A troll (D:12)
  A slime creature (D:8)
  A yak (D:10)
  A vampire (D:12)
  A steam dragon (D:7)
  Menkaure (D:6)
  An orc warrior (D:6)
  An ice beast (D:5)
  A sky beast (D:6)
  An ogre (D:6)
  4 centaurs
  A scorpion (D:4)
  2 killer bees (D:8)
  A gnoll bouda (D:5)
  4 hounds
  An orc priest (D:6)
  2 orc wizards
  2 gnolls (D:5)
  A shadow imp (D:7)
  An ufetubus (D:7)
  3 dart slugs
  7 orcs
  3 endoplasms
  2 giant cockroaches
  4 goblins
  2 hobgoblins
  4 jackals
  A kobold (D:4)
  A quokka (D:4)
  A ball python (D:2)
  2 bats
  A frilled lizard (D:3)
  A rat (D:1)
64 creatures vanquished.

Vanquished Creatures (collateral kills)
  3 two-headed ogres
  A boulder beetle (D:12)
  A deep elf pyromancer (D:13)
  3 cyclopes
  2 gargoyles
  Psyche (D:12)
  2 komodo dragons
  5 trolls
  Grinder (D:6)
  5 slime creatures
  A vampire (D:11)
  13 yaks
  A wyvern (D:7)
  2 wraiths
  2 steam dragons
  3 acid dragons
  A water moccasin (D:6)
  An ice beast (D:6)
  An orc warrior (D:7)
  A black bear (D:5)
  4 ogres
  3 wolves (D:11)
  5 centaurs
  2 phantoms
  2 bullfrogs
  A scorpion (D:6)
  5 wights (D:9)
  12 killer bees
  3 howler monkeys (D:10)
  2 hounds (D:11)
  7 orc priests
  A jelly (D:6)
  14 orc wizards
  2 sleepcaps
  3 iguanas
  6 adders
  9 gnolls
  A white imp (D:6)
  An ufetubus (D:5)
  3 worms
  A dart slug (D:3)
  34 orcs
  5 ball pythons
  3 bats (D:1)
  9 endoplasms
  4 giant cockroaches
  2 goblins (D:1)
  6 hobgoblins
  2 jackals
  2 quokkas
  3 frilled lizards
  8 kobolds
  6 rats
221 creatures vanquished.

Vanquished Creatures (others)
  2 starspawn tentacles (Abyss:1)
2 creatures vanquished.

Grand Total: 287 creatures vanquished

Notes
Turn   | Place    | Note
-------+----------+-------------------------------------------
     0 | D:1      | MacCMillion the Tengu Summoner began the quest for the Orb.
     0 | D:1      | Reached XP level 1. HP: 10/10 MP: 4/4
    57 | D:1      | Reached skill level 5 in Summonings
    80 | D:1      | Reached XP level 2. HP: 15/15 MP: 4/6
   357 | D:1      | Reached XP level 3. HP: 19/19 MP: 5/8
   930 | D:2      | Found a faded altar of an unknown god.
  1489 | D:2      | Reached XP level 4. HP: 24/24 MP: 7/9
  1597 | D:1      | Learned a level 2 spell: Call Imp
  1601 | D:1      | Learned a level 3 spell: Call Canine Familiar
  1616 | D:2      | Reached skill level 6 in Summonings
  2032 | D:3      | Gained mutation: Your magical nature lets you fly swiftly
                  | and evasively. [Tengu growth]
  2032 | D:3      | Reached XP level 5. HP: 28/28 MP: 3/10
  2036 | D:3      | Reached skill level 7 in Summonings
  2157 | D:3      | Reached skill level 1 in Fighting
  2458 | D:3      | Found Kaamm's Antique Weapon Emporium.
  2461 | D:3      | Bought a runed dagger for 130 gold pieces
  2620 | D:3      | Reached XP level 6. HP: 29/35 MP: 7/11
  2835 | D:3      | Found a basalt altar of Yredelemnul.
  3401 | D:4      | Reached XP level 7. HP: 41/41 MP: 9/13
  4043 | D:5      | Entered Level 5 of the Dungeon
  4287 | D:5      | Found a glowing silver altar of Zin.
  4849 | D:5      | Reached skill level 5 in Dodging
  4901 | D:5      | Identified the +4 scale mail of the Tundras {Harm Int+2
                  | Stlth+}
  4964 | D:5      | Reached XP level 8. HP: 48/48 MP: 10/15
  5444 | D:6      | Found a staircase to the Ecumenical Temple.
  5448 | D:6      | Noticed Menkaure
  5452 | Temple   | Entered the Ecumenical Temple
  5637 | Temple   | Became a worshipper of Ashenzari the Shackled
  5666 | D:6      | Killed Menkaure
  5667 | D:6      | Reached skill level 5 in Fighting
  5823 | D:6      | Learned a level 4 spell: Summon Lightning Spire
  5917 | D:6      | Reached skill level 1 in Air Magic
  6059 | D:6      | Found an opulent altar of Gozag.
  6083 | D:6      | Noticed Grinder
  6111 | D:6      | Killed Grinder
  6112 | D:6      | Reached XP level 9. HP: 54/54 MP: 5/16
  6397 | D:6      | Found Utousourr's Antique Weapon Emporium.
  6506 | D:6      | Reached skill level 8 in Summonings
  7171 | D:7      | Reached skill level 5 in Air Magic
  7510 | D:7      | Reached skill level 9 in Summonings
  7523 | D:7      | Noticed Joseph
  7757 | D:7      | Found a stormy altar of Qazlal.
  7765 | D:7      | Found a shimmering altar of Xom.
  7766 | D:7      | Found a burning altar of Makhleb.
  7769 | D:7      | Found a sacrificial altar of Ru.
  7770 | D:7      | Found a snail-covered altar of Cheibriados.
  8280 | D:8      | Reached XP level 10. HP: 59/63 MP: 8/17
  8419 | D:8      | Reached * piety under Ashenzari
  8922 | D:8      | Reached skill level 10 in Summonings
  8932 | D:8      | Reached skill level 1 in Short Blades
  9129 | D:6      | Bought a glowing dagger for 105 gold pieces
  9376 | D:9      | Reached ** piety under Ashenzari
  9494 | D:9      | Noticed a two-headed ogre
  9501 | D:9      | Killed a two-headed ogre
  9700 | D:9      | Reached *** piety under Ashenzari
  9921 | D:10     | Entered Level 10 of the Dungeon
 10231 | D:10     | Reached skill level 5 in Spellcasting
 10318 | D:10     | Reached XP level 11. HP: 72/72 MP: 13/22
 10908 | D:11     | Reached skill level 11 in Summonings
 11258 | D:11     | Noticed a cyclops
 11270 | D:11     | Killed a cyclops
 11305 | D:11     | Found a staircase to the Lair.
 11604 | D:11     | Reached skill level 12 in Summonings
 12272 | D:12     | Noticed a two-headed ogre
 12299 | D:12     | Killed a two-headed ogre
 12451 | D:12     | Noticed Psyche
 12464 | D:12     | Killed Psyche
 12822 | D:12     | Reached skill level 13 in Summonings
 12966 | D:12     | Noticed a two-headed ogre
 12983 | D:12     | Killed a two-headed ogre
 12984 | D:12     | Reached XP level 12. HP: 77/77 MP: 18/27
 13039 | D:12     | Found a staircase to the Orcish Mines.
 13039 | D:12     | Identified the +1 kite shield "Valanem" {Int+3}
 13046 | D:12     | Noticed a boulder beetle
 13056 | D:12     | Killed a boulder beetle
 13164 | D:12     | You are sucked into a shaft and drop 2 floors!
 13181 | D:14     | Noticed a centaur warrior
 13189 | D:14     | Killed a centaur warrior
 13284 | D:14     | Noticed Agnes
 13665 | D:14     | Reached skill level 10 in Fighting
 13695 | D:13     | Noticed Erolcha
 13695 | D:13     | Noticed a rakshasa
 13709 | D:12     | Noticed a boulder beetle
 13709 | D:12     | Noticed a two-headed ogre
 14280 | Abyss:1  | Cast into level 1 of the Abyss (Erolcha)
 14314 | Abyss:1  | Found a corrupted altar of Lugonu.
 14315 | Abyss:1  | Found a corrupted altar of Lugonu.
 14315 | Abyss:1  | Noticed a vampire mage
 14315 | Abyss:1  | Found a corrupted altar of Lugonu.
 14317 | Abyss:1  | Noticed a jiangshi
 14322 | Abyss:1  | HP: 3/82 [jiangshi[a vampire mage] (18)]
 14323 | Abyss:1  | Demolished by a jiangshi

Illustrated notes

Levels and vault maps discovered:
D:1:      minmay_arrival_solitary_statue, layout_basic
D:2:      layout_basic, dreamdust_ecumenical_altar_statues
D:3:      layout_basic, nicolae_overflow_hidden_temple, serial_shops,
          nicolae_shop_real_fake_doors
D:4:      nicolae_cairo_tiling, layout_cave_pools
D:5:      layout_basic, zin_academy, grunt_decor_junction,
          kb_lookout_dungeons_type, serial_bayou_pond_e
D:6:      layout_loops_ring, grunt_gozag_statues, minmay_temple_entry_junction,
          serial_shops, nicolae_shop_just_a_little_nook, uniq_grinder,
          uniq_menkaure
D:7:      layout_rooms, minitemple, minmay_a_box_with_orc_wizards_in_it,
          uniq_joseph
D:8:      layout_rooms
D:9:      layout_long_grid
D:10:     layout_long_grid, serial_co_window_serial, co_window_paths_a,
          co_window_of_opportunity_a, co_window_of_opportunity_a,
          co_window_paths_a, co_window_corner_a, co_window_paths_b,
          co_window_paths_a, co_window_corner_cb, co_window_corner_b,
          co_window_corner_ca, co_window_corner_b, glass_columns_a,
          glass_columns_b, glass_columns_a, glass_columns_c
D:11:     layout_roguey, erik_lair_island, skrybe_limestone_x, minivault_5,
          nicolae_concentric_dashed_squares_wild
D:12:     layout_roguey, minmay_orc_entry_temple_small, serial_shops,
          nicolae_shop_window_shopping, st_stairs_11, kennysheep_small_spiral,
          uniq_psyche, uniq_azrael
D:13:     layout_rooms, nicolae_looking_at_the_future, uniq_erolcha
D:14:     layout_stronghold, lightli_vaults_fourway_checkpoint,
          nemelex_xobeh_ov_fountains_minmay, uniq_agnes, uniq_josephine,
          uniq_frances
Temple:   jpeg_temple_clearing
Abyss:1:  base:
D:3

Skill      XL: |  1  2  3  4  5  6  7  8  9 10 11 12 |
---------------+-------------------------------------+-----
Summonings     | 5 6 7 9 10 13 | 13.0
Spellcasting   | 3 4 5 8 |  8.5
Fighting       | 1 3 4 5 7 8 11 | 11.0
Dodging        | 3 4 5 8 9 |  9.0
Air Magic      | 2 6 7 |  7.0
Short Blades   | 2 |  2.7
Stealth        | |  2.7

Action                     |  1- 3 |  4- 6 |  7- 9 | 10-12 || total
---------------------------+-------+-------+-------+-------++-------
  Melee: Unarmed           |     4 |       |       |       ||     4
         Dagger            |    38 |    14 |    79 |   107 ||   238
         Kick              |    18 |     2 |    36 |    48 ||   104
         Peck              |     7 |     3 |    13 |    28 ||    51
         Punch             |       |       |     1 |       ||     1
   Cast: Summon Small Mamm |    53 |     7 |     5 |       ||    65
         Call Canine Famil |       |    19 |    59 |    65 ||   143
         Call Imp          |       |    12 |    35 |     4 ||    51
         Summon Lightning  |       |       |     3 |    59 ||    62
 Invoke: Curse Item        |       |       |     1 |     4 ||     5
    Use: Scroll            |       |       |     3 |       ||     3
         Potion            |       |       |       |     1 ||     1
   Stab: Sleeping          |     1 |       |     1 |     2 ||     4
         Distracted        |       |       |     2 |     3 ||     5
 Armour: Robe              |    12 |     2 |       |       ||    14
         Leather armour    |       |     2 |    42 |    43 ||    87
  Dodge: Dodged            |    25 |    17 |   117 |   185 ||   344
